 Dungeon Crawl Stone Soup version 0.27-b1-2-g8387495791 (webtiles) character file.

Game seed: 13713236672041871953

2 seveneves the Shield-Bearer (level 1, 0/20 HPs)
             Began as a Minotaur Fighter on July 25, 2021.
             Slain by a kobold (2 damage)
             ... on level 1 of the Dungeon.
             The game lasted 00:00:45 (34 turns).

seveneves the Shield-Bearer (Minotaur Fighter)        Turns: 34, Time: 00:00:45

Health: 0/20       AC:  6    Str: 20    XL:     1   Next: 33%
Magic:  0/0        EV:  7    Int:  5    God:
Gold:   0          SH:  9    Dex:  9    Spells: 0/0 levels left

rFire    . . .     SeeInvis .   a - +0 long sword
rCold    . . .     Faith    .   c - +0 kite shield
rNeg     . . .     Spirit   .   b - +0 scale mail
rPois    .         Reflect  .   (helmet restricted)
rElec    .         Harm     .   (no cloak)
rCorr    .         Rampage  .   (no gloves)
Will     .....                  (no boots)
Stlth    ..........             (no amulet)
HPRegen  0.06/turn              (no ring)
MPRegen  0.07/turn              (no ring)

@: no status effects
A: horns 2, retaliatory headbutt
a: no special abilities


You were on level 1 of the Dungeon.
You visited 1 branch of the dungeon, and saw 1 of its levels.

Inventory:

Hand Weapons
 a - a +0 long sword (weapon)
Armour
 b - a +0 scale mail (worn)
 c - a +0 kite shield (worn)
Potions
 d - a potion of might


   Skills:
 + Level 3.6 Fighting
 + Level 2.4 Long Blades
 + Level 3.6 Armour
 + Level 3.8 Shields


You couldn't memorise any spells.
You didn't know any spells.
Your spell library was empty.

Dungeon Overview and Level Annotations

Branches:
Dungeon (1/15)

Altars:


Innate Abilities, Weirdness & Mutations

You have a pair of horns on your head.
You reflexively headbutt those who attack you in melee.


Message History

The ball python bites you but does no damage.
The ball python constricts you.
Your scale mail prevents you from hitting the ball python.
The ball python is heavily wounded.
The kobold shouts!
You block the ball python's attack. The ball python constricts you.
The ball python barely misses you. The ball python constricts you.
You slash the ball python!
You kill the ball python!
The kobold closely misses you. You furiously retaliate!
You headbutt the kobold. You block the kobold's attack.
Your scale mail prevents you from hitting the kobold.
The kobold is moderately wounded.
The kobold hits you with a +1 dagger of freezing.
The kobold freezes you.
You closely miss the kobold.
The kobold is moderately wounded.
The kobold hits you with a +1 dagger of freezing.
The kobold freezes you. The kobold barely misses you.
You block the kobold's attack.
You closely miss the kobold. Your headbutt misses the kobold.
The kobold is moderately wounded.
You block the kobold's attack. The kobold hits you but does no damage.
You closely miss the kobold.
The kobold is moderately wounded.
The kobold hits you with a +1 dagger of freezing.
The kobold freezes you. The kobold hits you with a +0 club.
The kobold hits you with a +1 dagger of freezing.
* * * LOW HITPOINT WARNING * * *
The kobold freezes you.
* * * LOW HITPOINT WARNING * * *
You block the kobold's attack.
You closely miss the kobold. You headbutt the kobold.
You kill the kobold!
The kobold hits you with a +0 club.
* * * LOW HITPOINT WARNING * * *
You barely miss the kobold. Your headbutt misses the kobold.
The kobold hits you with a +0 club.
You die...

..#= #.#
..#.##.###
....>...##
#.#.....##
#........#
#........#
#.K)....# .
#.@.?.# .....#
##...## ......#
##.## ##.....#
#####.#
.#.......##.....#
............#####
. #...#...##.# #.
##.###..##.#
...#<..#..# #.#


You could see a kobold.

Vanquished Creatures
  A ball python (D:1)
  A kobold (D:1)
2 creatures vanquished.

Notes
Turn   | Place    | Note
-------+----------+-------------------------------------------
     0 | D:1      | seveneves the Minotaur Fighter began the quest for the Orb.
     0 | D:1      | Reached XP level 1. HP: 19/19 MP: 0/0
    34 | D:1      | Slain by a kobold

Illustrated notes

Levels and vault maps discovered:
D:1:      minmay_arrival_five_plusses, layout_loops_cross, serial_shops, shop,
          shop, shop, nicolae_shop_statue_plus, nicolae_shop_trees

Action                   || total
-------------------------++-------
Melee: Long sword        ||    10
       Headbutt          ||     1
Armor: Scale mail        ||     4
Dodge: Dodged            ||     4
Block: Kite shield       ||     6
